 Dungeon Crawl Stone Soup version 0.26.1-2-gb8aa6d0cf2 (webtiles) character file.

Game seed: 1493712214000588300

563 Gadfly the Skirmisher (level 7, -1/70 HPs)
             Began as an Ogre Monk on Feb 13, 2021.
             Slain by a bullfrog (2 damage)
             ... in a sewer.
             The game lasted 00:11:35 (4634 turns).

Gadfly the Skirmisher (Ogre Monk)                   Turns: 4634, Time: 00:11:36

Health: -1/70      AC:  3    Str: 18    XL:     7   Next: 32%
Magic:  9/9        EV: 10    Int: 11    God:
Gold:   201        SH:  5    Dex: 11    Spells: 6/6 levels left

rFire    + . .     SeeInvis .   b - +0 mace (vorpal)
rCold    . . .     Faith    .   (no shield)
rNeg     . . .     Spirit   .   l - +0 robe
rPois    .         Reflect  +   (helmet restricted)
rElec    .         Harm     .   (no cloak)
rCorr    .         Rampage  .   (gloves unavailable)
Will     .....                  (boots unavailable)
Stlth    ++........             g - amulet of reflection
HPRegen  0.21/turn              h - ring of protection from fire
MPRegen  0.11/turn              (no ring)

@: hasted, very quick
A: large, unfitting armour, tough skin 1
a: no special abilities


You were in a sewer.
You visited 1 branch of the dungeon, and saw 4 of its levels.
You also visited: Sewer.

You collected 201 gold pieces.

Inventory:

Hand Weapons
 a - a +1 mace
 b - a +0 vorpal mace (weapon)
Missiles
 f - 155 stones (quivered)
Armour
 l - a +0 robe (worn)
Jewellery
 g - an amulet of reflection (around neck)
 h - a ring of protection from fire (left hand)
 j - an uncursed ring of fire
Scrolls
 k - 3 scrolls of blinking
Potions
 d - 2 potions of attraction


   Skills:
 - Level 4.0 Fighting
 + Level 3.5 Maces & Flails
 * Level 3.3 Throwing
 * Level 2.7 Armour
 - Level 2.6 Dodging
 - Level 1.4 Stealth
 + Level 3.4 Invocations
 * Level 2.8 Evocations


You had 6 spell levels left.
You didn't know any spells.
Your spell library contained the following spells:

 Spells                   Type           Power        Failure   Level
 Pain                     Necr           0%           34%         1


Dungeon Overview and Level Annotations

Branches:
Dungeon (4/15)              Sewer (1/1)
 Temple: D:4-7

Altars:
Ru
Sif Muna
Trog
Xom


Innate Abilities, Weirdness & Mutations

You are too large for most types of armour.
You have tough skin. (AC +1)


Message History

You sock the bullfrog!
The bullfrog is almost dead.
The bullfrog closely misses you. The giant cockroach bites you.
* * * LOW HITPOINT WARNING * * *
The bullfrog hits you.
* * * LOW HITPOINT WARNING * * *
You hit the bullfrog but do no damage.
The bullfrog is almost dead.
The giant cockroach bites you.
* * * LOW HITPOINT WARNING * * *
You block the bullfrog's attack.
You closely miss the bullfrog.
The bullfrog is almost dead.
The bullfrog hits you!
* * * LOW HITPOINT WARNING * * *
The giant cockroach barely misses you.
You barely miss the bullfrog.
The bullfrog is almost dead.
The bullfrog hits you.
You die...

##≈†##≈≈≈≈≈≈≈##≈≈≈#
##≈≈##≈≈.≈≈≈≈.≈##≈≈##
#≈≈≈≈††≈†≈..≈.≈≈#.≈≈#
#≈≈≈≈.#######≈.≈##≈≈#
#######≈###≈≈≈≈≈##†.≈#≈≈#
#≈≈≈≈≈###≈≈≈≈(≈≈≈##≈≈#≈≈.
#≈≈≈≈.#.(≈..≈≈.≈(≈#†.##≈≈
#.≈≈≈≈#FB##≈.≈?.≈≈##≈≈#÷≈
#≈≈#≈.#≈@#≈.≈$?[.≈≈#≈≈#÷≈
#≈.#≈≈#≈≈#.≈≈....≈≈#≈.#.≈
#≈≈#.##≈≈#≈≈≈≈.).≈≈#.≈#÷÷
#≈≈#≈#≈≈≈#≈≈≈≈≈.≈≈≈#.≈#≈.
#≈≈#.#∩≈≈#≈≈≈≈≈≈.≈≈#≈≈#..
#≈≈#.#≈≈≈##≈≈≈≈.≈≈##≈≈#≈≈
#≈≈#†###≈≈# #††##≈.
#.≈#≈≈≈#≈≈## ##.≈#≈≈≈
##.##≈≈#.≈.## ##≈≈≈#≈.#


You could see a bullfrog and a giant cockroach.

Vanquished Creatures
  An ogre (D:4)
  A bullfrog (Sewer)
  2 orc priests (D:4)
  A bullfrog skeleton (D:4)
  A worker ant (D:4)
  A hound skeleton (D:4)
  A gnoll (D:3)
  11 adders
  A white imp (D:3)
  10 oozes (Sewer)
  An adder skeleton (D:3)
  2 worms (D:2)
  2 dart slugs
  14 leopard geckos
  6 orcs (D:4)
  7 ball pythons (Sewer)
  17 giant cockroaches
  2 goblins
  3 hobgoblins
  A jackal (D:4)
  5 kobolds
  4 quokkas
  10 bats
  5 frilled lizards
  6 rats
115 creatures vanquished.

Notes
Turn   | Place    | Note
-------+----------+-------------------------------------------
     0 | D:1      | Gadfly the Ogre Monk began the quest for the Orb.
     0 | D:1      | Reached XP level 1. HP: 24/24 MP: 1/1
   228 | D:1      | Reached XP level 2. HP: 32/32 MP: 2/2
   513 | D:1      | Reached skill level 1 in Invocations
   776 | D:2      | Found a sacrificial altar of Ru.
   800 | D:2      | Reached XP level 3. HP: 29/39 MP: 3/3
   984 | D:2      | Reached skill level 1 in Throwing
  1452 | D:2      | Reached skill level 1 in Evocations
  1634 | D:2      | Found a sacrificial altar of Ru.
  1885 | D:3      | Reached skill level 1 in Armour
  1885 | D:3      | Reached XP level 4. HP: 6/48 MP: 5/5
  2333 | D:3      | Found a shimmering altar of Xom.
  2344 | D:3      | Found a shimmering altar of Xom.
  2344 | D:3      | Found a shimmering altar of Xom.
  2409 | D:3      | Found a shimmering altar of Xom.
  2410 | D:3      | Found a shimmering altar of Xom.
  2518 | D:3      | Found a bloodstained altar of Trog.
  2535 | D:3      | HP: 2/48 [white imp/puff of frost (10)]
  2786 | D:3      | Found a shimmering blue altar of Sif Muna.
  2789 | D:3      | Identified Sif Muna's Incunabulum of Necromancy
  2962 | D:4      | Reached XP level 5. HP: 54/54 MP: 6/6
  3260 | D:4      | Noticed an ogre
  3269 | D:4      | Killed an ogre
  3270 | D:4      | Reached XP level 6. HP: 26/62 MP: 6/8
  3410 | D:4      | Found a glowing drain.
  3456 | Sewer    | Entered a sewer
  4326 | Sewer    | Reached XP level 7. HP: 70/70 MP: 9/9
  4633 | Sewer    | HP: 1/70 [bullfrog (8)]
  4634 | Sewer    | Slain by a bullfrog

Illustrated notes

Levels and vault maps discovered:
D:1:      elethiomel_arrival_quiet, layout_loops_ring
D:2:      layout_basic, lemuel_doored_altar, hangedman_ru_absence
D:3:      layout_rooms, nzn_overflow_gifts_of_might_and_magic, xom_redecorated,
          mrwooster_statue_mirror
D:4:      layout_basic, minmay_temple_entry_mist, portal_sewer_entry_f
Sewer:    sewer_frog_island_02

Skill      XL: |  1  2  3  4  5  6  7 |
---------------+----------------------+-----
Invocations    | 1 2 3 |  3.4
Throwing       | 1 2 3 |  3.3
Evocations     | 1 2 |  2.8
Armour         | 1 2 |  2.7
Maces & Flails | 3 |  3.5
Fighting       | |  4.0
Dodging        | |  2.6
Stealth        | |  1.4

Action                   |  1- 3 |  4- 6 |  7- 9 || total
-------------------------+-------+-------+-------++-------
Melee: Mace              |   118 |   216 |    59 ||   393
Throw: Stone             |       |    24 |    16 ||    40
       Javelin           |       |       |     3 ||     3
  Use: Scroll            |     7 |     4 |       ||    11
       Potion            |     2 |     4 |     1 ||     7
 Stab: Sleeping          |     4 |     2 |       ||     6
Armor: Robe              |    42 |    33 |    24 ||    99
Dodge: Dodged            |    70 |   117 |    33 ||   220
Block: Other             |    25 |    59 |    16 ||   100
